 Dungeon Crawl Stone Soup version 0.29.0-4-gdea44cf6ec (webtiles) character file.

Game seed: 17521097626996312713

34 qw the Sneak (level 3, 0/23 HPs)
             Began as a Gargoyle Delver on Sept 10, 2022.
             Killed from afar by an orc wizard (3 damage)
             ... with a magic dart
             ... on level 3 of the Dungeon.
             The game lasted 00:00:21 (755 turns).

qw the Sneak (Gargoyle Delver)                       Turns: 755, Time: 00:00:22

Health: 0/23       AC:  6    Str: 17    XL:     3   Next: 31%
Magic:  3/3        EV: 11    Int: 10    God:
Gold:   33         SH:  0    Dex: 11    Spells: 2/2 levels left

rFire   . . .      SeeInvis .   a - +0 hand axe
rCold   . . .      Faith    .   (no shield)
rNeg    + . .      Spirit   .   b - +0 leather armour
rPois   inf        Reflect  .   (no helmet)
rElec   +          Harm     .   (no cloak)
rCorr   .          Rampage  .   (no gloves)
Will    .....                   (no boots)
Stlth   +++.......              (no amulet)
HPRegen 0.07/turn               (no ring)
MPRegen 0.08/turn               (no ring)

@: no status effects
A: sickness immunity, AC +3, negative energy resistance 1, electricity
resistance, torment resistance 1, petrification resistance
a: no special abilities


You were on level 3 of the Dungeon.
You visited 1 branch of the dungeon, and saw 3 of its levels.

You collected 33 gold pieces.


Innate Abilities, Weirdness & Mutations

You are immune to sickness and miasma.
Your stone body is resilient. (AC +3)
You are immune to poison.
You resist negative energy. (rN+)
You are resistant to electric shocks. (rElec)
You are resistant to unholy torment.
You are immune to petrification.


   Skills:
 - Level 3.2 Fighting
 + Level 3.3 Axes
 - Level 1.5 Dodging
 - Level 5.4 Stealth


You had 2 spell levels left.
You didn't know any spells.
Your spell library was empty.

Inventory:

Hand Weapons
 a - a +0 hand axe (weapon)
 e - a +0 club
Armour
 b - a +0 leather armour (worn)
 c - a +1 cloak of stealth
Wands
 g - a wand of digging (3)
Potions
 d - a potion of berserk rage {unknown}
 f - a potion of haste
 h - a potion of attraction {unknown}

Dungeon Overview and Level Annotations

Branches:
Dungeon (5/15)
 Temple: D:4-7

Altars:


Message History

Done waiting.
644 ||| Stepping ~*~*~tactically~*~*~ (hiding).
You start waiting.
Done waiting.
The orc shouts!
The orc wizard shouts!
The orc priest shouts!
746 ||| Stepping ~*~*~tactically~*~*~ (hiding).
You start waiting.
An orc wizard is nearby!
The orc wizard points at you and mumbles some strange words.
You resist with significant effort.
The orc wizard hits you with a +0 dagger.
There is an escape hatch in the ceiling here.
You closely miss the orc wizard.
The orc priest mumbles some strange prayers to Beogh against you.
Beogh smites you!
The orc wizard hits you with a +0 dagger.
You hit the orc wizard but do no damage.
You barely miss the orc. The orc misses you.
The orc wizard hits you but does no damage.
You barely miss the orc wizard. You hit the orc.
The orc hits you but does no damage.
The orc wizard hits you with a +0 dagger.
You hit the orc.
The orc is severely wounded.
You hit the orc priest but do no damage.
You hit the orc wizard but do no damage.
The orc hits you with a +0 dagger.
The orc priest hits you with a +0 hand axe.
The orc wizard closely misses you.
You slash the orc!
You kill the orc!
You hit the orc priest. You hit the orc wizard.
The orc wizard barely misses you. The orc priest misses you.
You closely miss the orc priest.
The orc priest is lightly wounded.
You hit the orc wizard. The orc wizard casts a spell at you.
The magic dart hits you.
You die...

#############
#...)@o......
############.###o.....##
...........#.# #$####...
....#....#.#.# #.# #
..###~.......# ...
..###~~.##.### #.#
....#8~..#.# #.#
.####~~....###.#.# .#
#~.........#


You could see an orc priest and an orc wizard.

Vanquished Creatures
  2 adders
  An orc (D:3)
  A ball python (D:3)
  2 bats (D:3)
  2 giant cockroaches (D:3)
  2 hobgoblins
  A kobold (D:3)
  A quokka (D:3)
  A frilled lizard (D:3)
  2 rats (D:3)
15 creatures vanquished.

Notes
Turn   | Place    | Note
-------+----------+-------------------------------------------
     0 | D:5      | qw the Gargoyle Delver began the quest for the Orb.
     0 | D:5      | Reached XP level 1. HP: 14/14 MP: 1/1
     0 | D:5      | 0 ||| qw: Version: 0.1-a-116-g5d60599
     0 | D:5      | 0 ||| qw: Game counter: 7482
     0 | D:5      | 0 ||| qw: Always use a shield: true
     0 | D:5      | 0 ||| qw: God list: Okawaru
     0 | D:5      | 0 ||| qw: Allow faded altars: false
     0 | D:5      | 0 ||| qw: Do Orc after D:15 true
     0 | D:5      | 0 ||| qw: Do second Lair branch before Depths: true
     0 | D:5      | 0 ||| qw: Lair rune preference: random
     0 | D:5      | 0 ||| qw: Plans: Normal
     0 | D:5      | 0 ||| PLANNING D:1-11
    16 | D:5      | 16 ||| DROPPING scroll of fog.
    17 | D:5      | 17 ||| DROPPING scroll of magic mapping.
    18 | D:5      | 18 ||| DROPPING scroll of fear.
    54 | D:4      | Reached XP level 2. HP: 19/19 MP: 2/2
   240 | D:3      | Found a faded altar of an unknown god.
   245 | D:3      | 245 ||| Stepping ~*~*~tactically~*~*~ (stealth).
   247 | D:3      | 247 ||| Stepping ~*~*~tactically~*~*~ (stealth).
   257 | D:3      | 257 ||| Stepping ~*~*~tactically~*~*~ (stealth).
   259 | D:3      | 259 ||| Stepping ~*~*~tactically~*~*~ (stealth).
   261 | D:3      | 261 ||| Stepping ~*~*~tactically~*~*~ (stealth).
   269 | D:3      | 269 ||| Stepping ~*~*~tactically~*~*~ (stealth).
   280 | D:3      | 280 ||| Stepping ~*~*~tactically~*~*~ (water).
   343 | D:3      | 343 ||| Stepping ~*~*~tactically~*~*~ (stealth).
   345 | D:3      | 345 ||| Stepping ~*~*~tactically~*~*~ (stealth).
   346 | D:3      | 346 ||| Stepping ~*~*~tactically~*~*~ (stealth).
   348 | D:3      | 348 ||| Stepping ~*~*~tactically~*~*~ (stealth).
   359 | D:3      | Reached skill level 3 in Axes
   362 | D:3      | Reached XP level 3. HP: 17/23 MP: 3/3
   542 | D:3      | 542 ||| Stepping ~*~*~tactically~*~*~ (hiding).
   644 | D:3      | 644 ||| Stepping ~*~*~tactically~*~*~ (hiding).
   746 | D:3      | 746 ||| Stepping ~*~*~tactically~*~*~ (hiding).
   753 | D:3      | HP: 3/23 [orc priest/+0 hand axe (4)]
   755 | D:3      | Killed from afar by an orc wizard

Levels and vault maps discovered:
D:3:      layout_loops_ring, shapermc_ecumenical_altar_starsandcircs,
          moated_statue
D:4:      layout_gridville, minmay_temple_entry_mist, minmay_manual_moon,
          uniq_duvessa, uniq_sigmund
D:5:      layout_cave_pods, lemuel_tele_altar, overflow_temple_1_default,
          grunt_gozag_statues, nicolae_qazlal_style_of_elements, minivault_24,
          uniq_edmund

Skill      XL: |  1  2 |
---------------+-------+-----
Axes           | 2 3 |  3.3
Fighting       | |  3.2
Dodging        | |  1.5
Stealth        | |  5.4

Action                   || total
-------------------------++-------
Melee: Hand axe          ||    56
 Stab: Sleeping          ||     2
Armor: Leather armour    ||    27
Dodge: Dodged            ||    26

Table legend:
 A = Non-vault XP
 B = Vault XP
 C = Vault XP percentage of total XP
 D = Non-vault monster count
 E = Vault monster count
 F = Vault count percentage of total count
                 A         B        C        D         E       F
            +---------+---------+-------+---------+---------+-------
      Total |      49 |       0 |   0.0 |      15 |       0 |   0.0
            +---------+---------+-------+---------+---------+-------
        D:3 |      34 |       0 |   0.0 |      13 |       0 |   0.0
        D:4 |      15 |       0 |   0.0 |       2 |       0 |   0.0
            +---------+---------+-------+---------+---------+-------
